 Dungeon Crawl Stone Soup version 0.30-a0-636-g200c5c4a83 (webtiles) character file.

Game seed: 9180138809186859681

26 Fenrisus the Firebug (level 2, -3/20 HPs)
             Began as a Draconian Fire Elementalist on Jan 15, 2023.
             Slain by a quokka (4 damage)
             ... on level 2 of the Dungeon.
             The game lasted 00:04:02 (442 turns).

Fenrisus the Firebug (Draconian Fire Elementalist)   Turns: 442, Time: 00:04:03

Health: -3/20      AC:  4    Str: 10    XL:     2   Next: 89%
Magic:  3/5        EV: 12    Int: 15    God:
Gold:   13         SH:  0    Dex: 11    Spells: 4/5 levels left

rFire   . . .      SeeInvis .    (no weapon)
rCold   . . .      Faith    .    (no shield)
rNeg    . . .      Spirit   .    (body armour unavailable)
rPois   .          Reflect  .    (helmet restricted)
rElec   .          Harm     .    (no cloak)
rCorr   .          Rampage  .    (no gloves)
Will    .....                    (no boots)
Stlth   ++                       (no amulet)
HPRegen 0.23/turn                (no ring)
MPRegen 0.09/turn                (no ring)

@: no status effects
A: AC +4, unfitting armour, cold-blooded
a: no special abilities


You were on level 2 of the Dungeon.
You visited 1 branch of the dungeon, and saw 2 of its levels.

You collected 13 gold pieces.

Inventory:

Scrolls
 b - a scroll of blinking {unknown}
 d - a scroll of immolation {unknown}
Potions
 c - a potion of haste {unknown}


   Skills:
 + Level 2.0 Dodging
 + Level 2.0 Stealth
 + Level 2.3 Spellcasting
 + Level 1.0 Conjurations
 + Level 3.5 Fire Magic


You had 4 spell levels left.
You knew the following spells:

 Your Spells              Type           Power      Damage    Failure   Level
a - Foxfire               Conj/Fire      32%        2x1d5     9%          1

Your spell library contained the following spells:

 Spells                   Type           Power      Damage    Failure   Level
 Scorch                   Fire           24%        2d6       8%          2
 Inner Flame              Hex/Fire       7%         N/A       30%         3
 Kindle Blastsparks       Fire/Tloc/Air  10%        2d10      36%         3
 Flame Wave               Conj/Fire      8%         2d5       63%         4


Dungeon Overview and Level Annotations

Branches:
Dungeon (2/15)

Altars:

Annotations:
D:2 Jessica


Innate Abilities, Weirdness & Mutations

Your plain brown scales are hard. (AC +4)
You cannot fit into any form of body armour.
You are cold-blooded and may be slowed by cold attacks.


Message History

The bat hits you.
* * * LOW HITPOINT WARNING * * *
The giant cockroach attacks as you move away!
The giant cockroach misses you. The bat completely misses you.
The bat hits you but does no damage.
Jessica casts a spell.
Jessica blinks!
There is an open door here.
Jessica attacks as you move away! Jessica closely misses you.
Jessica hits you with a +0 club.
* * * LOW HITPOINT WARNING * * *
Jessica attacks as you move away! Jessica barely misses you.
Jessica points at you and mumbles some strange words.
You resist with some effort.
The giant cockroach attacks as you move away!
The giant cockroach bites you but does no damage.
The giant cockroach attacks as you move away!
The giant cockroach closely misses you.
There is an open door here.
The giant cockroach attacks as you move away!
The giant cockroach bites you but does no damage.
The bat barely misses you. Jessica attacks as you move away!
Jessica barely misses you. Jessica misses you. Jessica hits you with a +0 club.
* * * LOW HITPOINT WARNING * * *
Jessica attacks as you move away! Jessica barely misses you.
The bat hits you but does no damage. The bat attacks as you move away!
The bat hits you but does no damage. The bat closely misses you.
You barely miss the quokka. The bat misses you. The quokka bites you.
* * * LOW HITPOINT WARNING * * *
Casting: Foxfire (safe; 9% risk of failure)
Confirm with . or Enter, or press ? or * to list all spells.
You conjure some foxfire!
The bat hits you.
* * * LOW HITPOINT WARNING * * *
The foxfire hits the bat.
The bat is severely wounded.
The quokka bites you.
You die...

##...###..##.#### ###.##
##........#
....>###..##.###.#
####..#.#.# # #.#
#......# #.## ##†#####
... #.# #.# ##'## ##r#
##...## #b@# ###.....##
#.## .#.......## ##@##
..........####.B.######.
..........B.............
..........####...#######
.#.......## ##.##
.##.....## ##..#
.###...## #...#


You could see Jessica (fast), a quokka, a giant cockroach and a bat.

Vanquished Creatures
  An adder (D:2)
  A worm (D:2)
  2 dart slugs (D:1)
  2 quokkas (D:1)
  6 frilled lizards (D:1)
  A goblin (D:2)
  A rat (D:1)
14 creatures vanquished.

Vanquished Creatures (others)
  38 foxfires
  3 fungi (D:2)
  10 plants
51 creatures vanquished.

Grand Total: 65 creatures vanquished

Notes
Turn   | Place    | Note
-------+----------+-------------------------------------------
     0 | D:1      | Fenrisus the Draconian Fire Elementalist began the quest
                  | for the Orb.
     0 | D:1      | Reached XP level 1. HP: 14/14 MP: 3/3
    69 | D:1      | Reached XP level 2. HP: 20/20 MP: 0/5
   175 | D:1      | You fall into a shaft and drop 1 floor!
   397 | D:2      | Found a faded altar of an unknown god.
   403 | D:2      | Noticed Jessica
   416 | D:2      | HP: 1/20 [Jessica/+0 club (2)]
   425 | D:2      | HP: 1/20 [bat (1)]
   442 | D:2      | HP: 1/20 [bat (1)]
   442 | D:2      | Slain by a quokka

Illustrated notes

Levels and vault maps discovered:
D:1:      lightli_arrival_boilingwater, layout_basic, serial_shops,
          nicolae_lakefront_shop, minmay_lizard_king
D:2:      layout_loops_corners, shapermc_ecumenical_altar_rom_forum,
          uniq_jessica, uniq_terence

Skill      XL: |  1  2 |
---------------+-------+-----
Dodging        | 2 |  2.0
Stealth        | 2 |  2.0
Spellcasting   | |  2.3
Conjurations   | |  1.0
Fire Magic     | |  3.5

Action                   || total
-------------------------++-------
Melee: Unarmed           ||    18
       Tailslap          ||     3
 Cast: Foxfire           ||    24
  Use: Potion            ||     1
Armor: Skin              ||    18
Dodge: Dodged            ||    39

Table legend: (Time is in decaauts)
 A = Elapsed time spent in this place.
 B = Non-inter-level travel time spent in this place.
 C = Inter-level travel time spent in this place.
 D = Time resting spent in this place.
 E = Time spent auto-exploring this place.
 F = Levels seen in this place.
 G = Mean time per level.
                   A        B        C        D        E       F      G
               +--------+--------+--------+--------+--------+-----+--------+
         Total |    448 |    272 |    176 |     89 |      0 |   2 |  224.0 |
       Dungeon |    448 |    272 |    176 |     89 |      0 |   2 |  224.0 |
               +--------+--------+--------+--------+--------+-----+--------+

Top non-repeatable levels by time:
     D:2: 267 daAuts
     D:1: 181 daAuts
